AoeStats
← TAZmania

Nomad

507004108Analyzed
2v2 RM · 17d ago on Sep 16, 2026· 24m 47s· 4 players
Game mode
Random Map
Map size
176×176
Population
200
Speed
Normal
Resources
Standard
Victory
Conquest
Starting age
Dark Age
Ending age
Imperial Age
RankedLock teamsTeams togetherTeam positionsShared explorationLock speedFull tech treeHidden civsTurbo modeCheats
Victory
Defeat
🇺🇸 Goths · United States
901
+13
🇺🇸 Huns · United States
839
+16
🇨🇴 Byzantines · Colombia
859
-15
🇺🇾 Malians · Uruguay
827
-14
TAZmania
7:59 Loom
17:29 Feudal Age
18:46 Gold Mining
18:44 Double-Bit Axe
20:10 Man-at-Arms
24:00 Wheelbarrow
24:42 Forging
fraso415
10:50 Loom
18:00 Feudal Age
19:21 Double-Bit Axe
19:22 Fishing Lines
25:10 Castle Age
23:54 Forging
24:06 Scale Mail Armor
Dinyo9507
17:16 Feudal Age
24:29 Castle Age
bgilly907
15:31 Feudal Age
14:45 Loom
16:34 Man-at-Arms
21:48 Castle Age
20:32 Forging
20:22 Scale Mail Armor
20:43 Fishing Lines
21:58 Long Swordsman
23:02 Squires
Connection lost

Rejoining the realm…

Still unreachable

The connection could not be restored.

Session expired

The server has moved on; the page needs a fresh start.